 Dungeon Crawl Stone Soup version 0.27.0-1-g7a089689b8 (webtiles) character file.

Game seed: 16608091469296083525

352 sasquatch the Slasher (level 6, -2/46 HPs)
             Began as a Formicid Hunter on Aug 10, 2021.
             Was an Initiate of Wu Jian.
             Killed from afar by an electric eel (9 damage)
             ... with a bolt of electricity
             ... on level 11 of the Dungeon.
             The game lasted 00:11:44 (5822 turns).

sasquatch the Slasher (Formicid Hunter)             Turns: 5822, Time: 00:11:44

Health: -2/46      AC:  6    Str: 24    XL:     6   Next: 94%
Magic:  6/6        EV: 10    Int: 11    God:    Wu Jian [......]
Gold:   383        SH:  0    Dex: 11    Spells: 5/5 levels left

rFire    . . .     SeeInvis +   l - +0 long sword
rCold    . . .     Faith    .   (no shield)
rNeg     . . .     Spirit   .   h - +0 scale mail
rPois    .         Reflect  .   (helmet unavailable)
rElec    .         Harm     .   (no cloak)
rCorr    .         Rampage  .   (no gloves)
Will     .....                  (no boots)
Stlth    ..........             (no amulet)
HPRegen  0.15/turn              e - +6 ring of strength
MPRegen  0.10/turn              (no ring)

@: lethally poisoned (-2 -> -7)
A: permanent stasis, dig shafts and tunnels, antennae 3, four strong arms
a: Dig, Shaft Self, Renounce Religion


You were on level 11 of the Dungeon.
You worshipped Wu Jian.
Wu Jian was noncommittal.
You visited 1 branch of the dungeon, and saw 8 of its levels.

You collected 383 gold pieces.

Inventory:

Hand Weapons
 a - a +0 short sword
 g - a +0 club
 l - a +0 long sword (weapon)
Missiles
 c - a javelin (quivered)
Armour
 h - a +0 scale mail (worn)
 i - a +0 tower shield
Jewellery
 e - a +6 ring of strength (left hand)
Scrolls
 b - a scroll of enchant armour {unknown}
 j - a scroll of teleportation {unknown}
 k - a scroll of immolation {unknown}
 m - 4 scrolls of identify {unknown}
 n - 3 scrolls of amnesia {unknown}
 q - a scroll of magic mapping {unknown}
Potions
 f - a potion of curing
 o - a potion of flight {unknown}


   Skills:
 - Level 2.5 Fighting
 - Level 0.7(3.3) Short Blades
 + Level 5.3 Long Blades
 - Level 0.4 Maces & Flails
 - Level 5.0 Throwing
 - Level 1.7 Dodging
 - Level 1.2 Stealth


You had 5 spell levels left.
You didn't know any spells.
Your spell library contained the following spells:

 Spells                   Type           Power      Damage    Failure   Level
 Corona                   Hex            0%         N/A       67%         1
 Ensorcelled Hibernation  Hex/Ice        0%         N/A       80%         2
 Gell's Gravitas          Tloc           0%         N/A       95%         3
 Teleport Other           Tloc           0%         N/A       95%         3
 Tukima's Dance           Hex            0%         N/A       95%         3
 Manifold Assault         Tloc           0%         N/A       100%        5
 Dispersal                Tloc           0%         N/A       100%        6
 Storm Form               Tmut/Air       0%         N/A       100%        7
 Blink                    Tloc           Unusable   N/A       N/A         2

Dungeon Overview and Level Annotations

Branches:
Dungeon (5/15)
 Temple: D:4-7

Altars:
Dithmenos
Hepliaklqana
Wu Jian
Zin

Annotations:
D:4 Edmund
D:5 exclusion: door, Sigmund


Innate Abilities, Weirdness & Mutations

You cannot be hasted, slowed, berserked, paralysed or teleported.
You can dig through walls and to a lower floor.
You have a pair of large antennae on your head. (SInv)
Your four strong arms can wield two-handed weapons with a shield.


Message History

The water moccasin struggles against the net.
You retract your mandibles.
You catch the helpless water moccasin completely off-guard!
You hit the water moccasin.
The water moccasin is lightly wounded.
The water moccasin struggles against the net. x2
Your scale mail prevents you from hitting the water moccasin.
The water moccasin is lightly wounded.
The water moccasin struggles against the net.
The net rips apart, and the water moccasin comes free!
Throw: 2 javelins
Press: ? - help, Shift-Dir - straight line, f/p - water moccasin
Aim: a water moccasin (lightly wounded, 40% to hit)
You throw a javelin.
The javelin barely misses the water moccasin.
The water moccasin bites you but does no damage.
The water moccasin misses you.
Are you sure you want to shaft yourself?
The water moccasin bites you but does no damage.
The water moccasin closely misses you.
You begin to dig a shaft.
You continue digging a shaft.
The water moccasin bites you.
You are poisoned.
The water moccasin poisons you! A shaft appears beneath you!
You fall into a shaft and drop 3 floors!
The shaft crumbles and collapses.
An electric eel comes into view.
You feel sick.
Found a book of Hexes.
Unknown command.
An electric eel comes into view.
You feel sick.
The electric eel shoots out a bolt of lightning at you!
The bolt of electricity hits you!
* * * LOW HITPOINT WARNING * * *
You feel sick.
The electric eel shoots out a bolt of lightning at you!
The bolt of electricity hits you!
You die...

#♣≈≈≈≈≈♣.♣
#;≈≈≈≈≈♣.♣≈≈
#≈≈≈≈≈.....≈
#≈≈≈≈......
≈≈≈....... {
≈...≈P#
♣♣♣.♣♣♣..≈≈#
.......@≈≈≈#{
♣♣♣.♣♣♣..≈≈#:#
#≈≈...≈P#
#≈≈≈.........
#≈≈≈≈.......≈
#;≈≈≈≈.....≈≈
#≈≈≈≈≈≈♣.♣≈≈≈
#♣≈≈≈≈≈♣.♣{≈≈
####### # #


You could see 2 electric eels.

Vanquished Creatures
  A scorpion (D:8)
  A hound (D:3)
  An orc priest (D:3)
  10 gnolls
  4 adders
  A white imp (D:4)
  An ufetubus (D:5)
  A worm (D:3)
  A dart slug (D:3)
  6 orcs
  9 ball pythons
  6 bats
  5 endoplasms
  4 giant cockroaches
  7 goblins
  9 hobgoblins
  3 frilled lizards
  7 kobolds
  7 rats
84 creatures vanquished.

Vanquished Creatures (others)
  6 plants
6 creatures vanquished.

Grand Total: 90 creatures vanquished

Notes
Turn   | Place    | Note
-------+----------+-------------------------------------------
     0 | D:1      | sasquatch the Formicid Hunter began the quest for the Orb.
     0 | D:1      | Reached XP level 1. HP: 16/16 MP: 1/1
   350 | D:1      | Reached XP level 2. HP: 23/23 MP: 2/2
   893 | D:1      | Reached XP level 3. HP: 23/28 MP: 3/3
  1730 | D:1      | Found a glowing silver altar of Zin.
  2022 | D:2      | Reached skill level 5 in Throwing
  2187 | D:2      | Reached XP level 4. HP: 24/34 MP: 4/4
  2422 | D:2      | Reached skill level 1 in Long Blades
  2978 | D:3      | Reached XP level 5. HP: 39/39 MP: 5/5
  3623 | D:3      | Found a faded altar of an unknown god.
  3680 | D:3      | Reached XP level 6. HP: 46/46 MP: 6/6
  3806 | D:3      | Found a shadowy altar of Dithmenos.
  4471 | D:4      | Found an ornate altar of the Wu Jian Council.
  4472 | D:4      | Noticed Edmund
  5150 | D:4      | Became a worshipper of the Wu Jian Council
  5255 | D:4      | You fall into a shaft and drop 1 floor!
  5255 | D:5      | Entered Level 5 of the Dungeon
  5255 | D:5      | Found a hazy altar of Hepliaklqana.
  5472 | D:5      | Noticed an ice beast
  5490 | D:5      | Noticed Sigmund
  5583 | D:4      | You fall into a shaft and drop 2 floors!
  5593 | D:6      | You fall into a shaft and drop 2 floors!
  5611 | D:8      | Reached skill level 5 in Long Blades
  5798 | D:8      | Noticed a yak
  5798 | D:8      | Noticed a water moccasin
  5820 | D:8      | You fall into a shaft and drop 3 floors!
  5822 | D:11     | Killed from afar by an electric eel

Illustrated notes

Levels and vault maps discovered:
D:1:      dpeg_arrival_lava_altar, layout_basic, serial_forest,
          infiniplex_forest_clump_large, infiniplex_forest_straight_4,
          infiniplex_forest_lined_ring, infiniplex_forest_clump_diagonal,
          infiniplex_forest_clump_small, infiniplex_forest_lined_corner,
          infiniplex_forest_straight_1, st_stairs_12
D:2:      layout_basic
D:3:      layout_basic, nicolae_dithmenos_through_a_glass_darkly,
          shapermc_ecumenical_altar_totnotflames
D:4:      layout_loops_cross, amcnicky_altar_gilded, uniq_edmund
D:5:      layout_loops_corners, mainiacjoe_overflow_cross_hatched,
          minmay_temple_entry_crystal_x, minmay_misc_feat_encased,
          dk_noncrumbling_3, minmay_circle_x, uniq_pikel, uniq_sigmund
D:6:      layout_basic, serial_shops, kennysheep_mini,
          chequers_serial_rivers_micro_c
D:8:      minmay_bloctagon_deflated, layout_basic,
          mainiacjoe_overflow_small_starburst, grunt_lair_entry_orc_guard_hut,
          minmay_bent
D:11:     nzn_winding_woodlands_large [nzn_winding_woodlands_5x5_checkerboard,
          nzn_winding_woodlands_5x15_zeroes,
          nzn_winding_woodlands_5x5_perimeter,
          nzn_winding_woodlands_center_diamonds,
          nzn_winding_woodlands_15x15_eel_pit,
          nzn_winding_woodlands_center_garden, nzn_winding_woodlands_5x5_cross,
          nzn_winding_woodlands_5x15_sawtooth,
          nzn_winding_woodlands_5x5_open_star], layout_layer_cave,
          minmay_misc_feat_iff, grunt_ministairs_6, nicolae_vehumet_altar_sigil

Skill      XL: |  1  2  3  4  5  6 |
---------------+-------------------+-----
Throwing       | 5 |  5.0
Long Blades    | 2 3 5 |  5.3
Fighting       | |  2.5
Short Blades   | |  0.7
Maces & Flails | |  0.4
Dodging        | |  1.7
Stealth        | |  1.2

Action                   |  1- 3 |  4- 6 || total
-------------------------+-------+-------++-------
Melee: Short sword       |   117 |       ||   117
       Long sword        |       |   144 ||   144
Throw: Javelin           |     3 |    13 ||    16
       Dart              |       |     5 ||     5
       Throwing net      |       |     3 ||     3
 Abil: Dig               |       |    25 ||    25
       Shaft Self        |       |     4 ||     4
  Use: Potion            |       |     1 ||     1
 Stab: Sleeping          |     1 |       ||     1
       Held in net/web   |       |     3 ||     3
Armor: Leather armour    |     7 |       ||     7
       Scale mail        |    42 |    57 ||    99
Dodge: Dodged            |    65 |    99 ||   164
       Rpst.: Long sword |       |    41 ||    41
